AA NE
ERIE SEAWOLVES @ NEW HAMPSHIRE FISHER CATS
06/19/2042
 
TOP OF THE 1ST
Erie SeaWolves batting - Pitching for New Hampshire Fisher Cats : RHP Wilson Espinosa
Pitching: RHP Wilson Espinosa
Batting: LHB José Hernández 0-0: Ball
1-0: Foul Ball, location: 23FF
1-1: Ball
2-1: Swinging Strike
2-2: Ball
3-2: Foul Ball, location: 5SF
3-2: Strikes out swinging
Batting: RHB Rocky Brown 0-0: Ball
1-0: Ball
2-0: Swinging Strike
2-1: Ball
3-1: Ground out 6-3 (Groundball, 6, EV 80.0 MPH)
Batting: LHB Víctor Echevarría 0-0: Foul Ball, location: 25F
0-1: Ball
1-1: Hit by Pitch
Batting: SHB Dave Brooks 0-0: Ball
1-0: Ball
2-0: Ball
3-0: Called Strike
3-1: Base on Balls
Víctor Echevarría to second
Batting: RHB Bob Adams 0-0: Ball
1-0: Ball
2-0: Ball
3-0: Base on Balls
Víctor Echevarría to third
Dave Brooks to second
Batting: SHB António González 0-0: Fly out, F8 (Line Drive, 8RS, EV 96.3 MPH)
Top of the 1st over - 0 runs, 0 hits, 0 errors, 3 left on base; Erie 0 - New Hampshire 0
BOTTOM OF THE 1ST
New Hampshire Fisher Cats batting - Pitching for Erie SeaWolves : RHP Dani Santos
Pitching: RHP Dani Santos
Batting: LHB Jim Ford 0-0: Ball
1-0: Called Strike
1-1: Called Strike
1-2: Foul Ball, location: 3F
1-2: Ground out 3-1 (Groundball, 34, EV 81.9 MPH)
Batting: LHB Walt Ramsey 0-0: Called Strike
0-1: Called Strike
0-2: Ball
1-2: Foul Ball, location: 2F
1-2: Foul Ball, location: 2F
1-2: Ball
2-2: Strikes out swinging
Batting: RHB Tony Blevins 0-0: Swinging Strike
0-1: Ball
1-1: Called Strike
1-2: Foul Ball, location: 2F
1-2: Foul Ball, location: 2F
1-2: Ball
2-2: Ball
3-2: Ground out U3 (Groundball, 3, EV 82.5 MPH)
Bottom of the 1st over - 0 runs, 0 hits, 0 errors, 0 left on base; Erie 0 - New Hampshire 0
TOP OF THE 2ND
Erie SeaWolves batting - Pitching for New Hampshire Fisher Cats : RHP Wilson Espinosa
Batting: RHB Héctor Gallegos 0-0: Fly out, F3 (Popup, 3SF, EV 83.8 MPH)
Batting: RHB Dan Strong 0-0: Swinging Strike
0-1: Ball
1-1: Foul Ball, location: 2F
1-2: Strikes out swinging
Batting: RHB Oliver Vera 0-0: Called Strike
0-1: Ball
1-1: Hit by Pitch
Batting: LHB José Hernández 0-0: Fly out, F8 (Flyball, 89D, EV 90.6 MPH)
Top of the 2nd over - 0 runs, 0 hits, 0 errors, 1 left on base; Erie 0 - New Hampshire 0
BOTTOM OF THE 2ND
New Hampshire Fisher Cats batting - Pitching for Erie SeaWolves : RHP Dani Santos
Batting: LHB Ben Johnson 0-0: Ball
1-0: Foul Ball, location: 7LMF
1-1: Swinging Strike
1-2: Foul Ball, location: 2F
1-2: Strikes out swinging
Batting: RHB Ben Miller 0-0: Fly out, F4 (Popup, 4S, EV 67.5 MPH)
Batting: RHB António Acosta 0-0: Called Strike
0-1: Ball
1-1: Fly out, F8 (Flyball, 8LD, EV 98.8 MPH)
Bottom of the 2nd over - 0 runs, 0 hits, 0 errors, 0 left on base; Erie 0 - New Hampshire 0
TOP OF THE 3RD
Erie SeaWolves batting - Pitching for New Hampshire Fisher Cats : RHP Wilson Espinosa
Batting: RHB Rocky Brown 0-0: Ground out 3-1 (Groundball, 34, EV 98.8 MPH)
Batting: LHB Víctor Echevarría 0-0: Ball
1-0: Foul Ball, location: 3DF
1-1: Foul Ball, location: 2F
1-2: Foul Ball, location: 7LDF
1-2: Ground out 5-3 (Groundball, 56, EV 87.5 MPH)
Batting: SHB Dave Brooks 0-0: Called Strike
0-1: Swinging Strike
0-2: Strikes out looking
Top of the 3rd over - 0 runs, 0 hits, 0 errors, 0 left on base; Erie 0 - New Hampshire 0
BOTTOM OF THE 3RD
New Hampshire Fisher Cats batting - Pitching for Erie SeaWolves : RHP Dani Santos
Batting: RHB Raúl Ramírez 0-0: Called Strike
0-1: Swinging Strike
0-2: Strikes out swinging
Batting: RHB Hisashi Taniguchi 0-0: Ball
1-0: Called Strike
1-1: Foul Ball, location: 23F
1-2: Ball
2-2: Ball
3-2: Foul Ball, location: 2F
3-2: Foul Ball, location: 9LDF
3-2: Strikes out swinging
Batting: RHB Luis Cuestas 0-0: Ball
1-0: Ball
2-0: Called Strike
2-1: Swinging Strike
2-2: Ground out 5-3 (Groundball, 56S, EV 62.5 MPH)
Bottom of the 3rd over - 0 runs, 0 hits, 0 errors, 0 left on base; Erie 0 - New Hampshire 0
TOP OF THE 4TH
Erie SeaWolves batting - Pitching for New Hampshire Fisher Cats : RHP Wilson Espinosa
Batting: RHB Bob Adams 0-0: Foul Ball, location: 2F
0-1: Ball
1-1: Foul Ball, location: 2F
1-2: Ball
2-2: Ball
3-2: Base on Balls
Batting: SHB António González 0-0: Called Strike
0-1: Called Strike
0-2: Foul Ball, location: 3F
0-2: Ball
1-2: Fly out, F6 (Popup, 6, EV 56.3 MPH)
Batting: RHB Héctor Gallegos 0-0: Ball
1-0: Ball
2-0: Called Strike
2-1: Ball
3-1: Foul Ball, location: 3F
3-2: Foul Ball, location: 3SF
3-2: Base on Balls
Bob Adams to second
Batting: RHB Dan Strong 0-0: Called Strike
0-1: Foul Ball, location: 2F
0-2: Ball
1-2: Ball
2-2: Strikes out looking
Batting: RHB Oliver Vera 0-0: Fielders Choice at 2nd, 5-4 (Groundball, 56, EV 102.5 MPH)
Top of the 4th over - 0 runs, 0 hits, 0 errors, 2 left on base; Erie 0 - New Hampshire 0
BOTTOM OF THE 4TH
New Hampshire Fisher Cats batting - Pitching for Erie SeaWolves : RHP Dani Santos
Batting: LHB Jim Ford 0-0: Foul Ball, location: 3F
0-1: Ball
1-1: Foul Ball, location: 25F
1-2: Fly out, F9 (Flyball, 9D, EV 95.0 MPH)
Batting: LHB Walt Ramsey 0-0: Called Strike
0-1: Foul Ball, location: 2F
0-2: Ball
1-2: Ball
2-2: Foul Ball, location: 7LSF
2-2: SINGLE (Line Drive, 7LS, EV 93.1 MPH)
Batting: RHB Tony Blevins 0-0: Called Strike
0-1: Ball
1-1: Ball
2-1: Called Strike
2-2: Ball
3-2: Foul Ball, location: 9LMF
3-2: Fly out, F8 (Flyball, 8LM, EV 81.3 MPH)
Batting: LHB Ben Johnson 0-0: Called Strike
0-1: Ball
1-1: Fly out, F4 (Popup, 4M, EV 71.3 MPH)
Bottom of the 4th over - 0 runs, 1 hit, 0 errors, 1 left on base; Erie 0 - New Hampshire 0
TOP OF THE 5TH
Erie SeaWolves batting - Pitching for New Hampshire Fisher Cats : RHP Wilson Espinosa
Batting: LHB José Hernández 0-0: Ball
1-0: Ball
2-0: Foul Ball, location: 2F
2-1: Ball
3-1: DOUBLE (Line Drive, 5D, EV 101.3 MPH)
Batting: RHB Rocky Brown 0-0: Foul Ball, location: 5F
0-1: Ground out 4-3 (Groundball, 4, EV 83.1 MPH)
José Hernández to third
Batting: LHB Víctor Echevarría 0-0: Ball
1-0: Ball
2-0: Ball
3-0: Base on Balls
Batting: SHB Dave Brooks 0-0: Called Strike
0-1: Called Strike
0-2: Foul Ball, location: 25F
0-2: Strikes out swinging
Batting: RHB Bob Adams 0-0: Called Strike
0-1: Foul Ball, location: 25F
0-2: Foul Ball, location: 2F
0-2: Ball
1-2: Ball
2-2: Strikes out swinging
Top of the 5th over - 0 runs, 1 hit, 0 errors, 2 left on base; Erie 0 - New Hampshire 0
BOTTOM OF THE 5TH
New Hampshire Fisher Cats batting - Pitching for Erie SeaWolves : RHP Dani Santos
Batting: RHB Ben Miller 0-0: Ball
1-0: Called Strike
1-1: Foul Ball, location: 2F
1-2: Foul Ball, location: 3SF
1-2: Foul Ball, location: 9LSF
1-2: Ball
2-2: SINGLE (Groundball, 34D, EV 94.4 MPH)
Batting: RHB António Acosta 0-0: Foul Ball, location: 5FF
0-1: TRIPLE (Flyball, 89XD, EV 111.3 MPH)
Ben Miller scores
Batting: RHB Raúl Ramírez 0-0: Ball
1-0: Ball
2-0: Foul Ball, location: 3F
2-1: Swinging Strike
2-2: Fly out, F3 (Popup, 3L, EV 58.8 MPH)
Batting: RHB Hisashi Taniguchi 0-0: Ball
1-0: Called Strike
1-1: Foul Ball, location: 9LMF
1-2: Strikes out swinging
Batting: RHB Luis Cuestas 0-0: Fly out, F9 (Flyball, 9D, EV 81.3 MPH)
Bottom of the 5th over - 1 run, 2 hits, 0 errors, 1 left on base; Erie 0 - New Hampshire 1
TOP OF THE 6TH
Erie SeaWolves batting - Pitching for New Hampshire Fisher Cats : RHP Wilson Espinosa
Batting: SHB António González 0-0: Called Strike
0-1: Ball
1-1: SINGLE (Line Drive, 4D, EV 99.4 MPH)
Batting: RHB Héctor Gallegos 0-0: Called Strike
0-1: Ball
1-1: Foul Ball, location: 3F
1-2: Strikes out swinging
Batting: RHB Dan Strong 0-0: Swinging Strike
0-1: Ball
1-1: Foul Ball, location: 23F
1-2: Ball
2-2: Strikes out swinging
Pitching: RHP Ánibal Marrero
Batting: RHB Oliver Vera 0-0: Called Strike
António González is caught stealing 2nd base 2-4
Top of the 6th over - 0 runs, 1 hit, 0 errors, 0 left on base; Erie 0 - New Hampshire 1
BOTTOM OF THE 6TH
New Hampshire Fisher Cats batting - Pitching for Erie SeaWolves : RHP Dani Santos
Batting: LHB Jim Ford 0-0: Ground out 1-3 (Groundball, 25, EV 71.3 MPH)
Batting: LHB Walt Ramsey 0-0: Swinging Strike
0-1: Called Strike
0-2: Ball
1-2: Ball
2-2: Ball
3-2: Strikes out swinging
Batting: RHB Tony Blevins 0-0: Ground out 2-3 (Groundball, 15S, EV 71.9 MPH)
Bottom of the 6th over - 0 runs, 0 hits, 0 errors, 0 left on base; Erie 0 - New Hampshire 1
TOP OF THE 7TH
Erie SeaWolves batting - Pitching for New Hampshire Fisher Cats : RHP Ánibal Marrero
Batting: RHB Oliver Vera 0-0: Called Strike
0-1: Foul Ball, location: 5F
0-2: Ball
1-2: Strikes out swinging
Batting: LHB José Hernández 0-0: Ball
1-0: Called Strike
1-1: Ball
2-1: Ball
3-1: Base on Balls
Pinch Hitting: LHB Manny Blanco 0-0: Ball
1-0: Swinging Strike
1-1: Grounds into double play, 4-6-3 (Groundball, 4, EV 100.0 MPH)
Top of the 7th over - 0 runs, 0 hits, 0 errors, 0 left on base; Erie 0 - New Hampshire 1
BOTTOM OF THE 7TH
New Hampshire Fisher Cats batting - Pitching for Erie SeaWolves : RHP Dani Santos
Now at 1B: Arturo Avalos
Batting: LHB Ben Johnson 0-0: Swinging Strike
0-1: Foul Ball, location: 3F
0-2: Ball
1-2: Strikes out swinging
Batting: RHB Ben Miller 0-0: Ball
1-0: Ball
2-0: SINGLE (Line Drive, 34D, EV 95.0 MPH)
Batting: RHB António Acosta 0-0: Ball
1-0: Swinging Strike
1-1: Ball
2-1: Called Strike
2-2: Foul Ball, location: 2F
2-2: Strikes out swinging
Batting: RHB Raúl Ramírez 0-0: Called Strike
0-1: Fly out, F8 (Flyball, 8LS, EV 90.0 MPH)
Bottom of the 7th over - 0 runs, 1 hit, 0 errors, 1 left on base; Erie 0 - New Hampshire 1
TOP OF THE 8TH
Erie SeaWolves batting - Pitching for New Hampshire Fisher Cats : RHP Ánibal Marrero
Now in LF: Eustachio Tucci
Batting: LHB Víctor Echevarría 0-0: Ball
1-0: Ball
2-0: Ball
3-0: Called Strike
3-1: Base on Balls
Batting: SHB Dave Brooks 0-0: Ball
1-0: Ball
Wild Pitch!
Víctor Echevarría to second
2-0: Called Strike
2-1: Called Strike
2-2: Ball
3-2: Strikes out swinging
Pinch Hitting: LHB Bob Brewer 0-0: Called Strike
0-1: 2-RUN HOME RUN (Flyball, 8LXD, EV 113.1 MPH), Distance : 464 ft
Batting: SHB António González 0-0: Called Strike
0-1: Foul Ball, location: 7LMF
0-2: Strikes out swinging
Batting: RHB Héctor Gallegos 0-0: Called Strike
0-1: Hit by Pitch
Batting: RHB Dan Strong 0-0: Fly out, F9 (Flyball, 9S, EV 93.1 MPH)
Top of the 8th over - 2 runs, 1 hit, 0 errors, 1 left on base; Erie 2 - New Hampshire 1
BOTTOM OF THE 8TH
New Hampshire Fisher Cats batting - Pitching for Erie SeaWolves : RHP Dani Santos
Now at 3B: José Díaz
Pinch Hitting: LHB Ben Browning 0-0: Ball
1-0: Called Strike
1-1: Ball
2-1: Foul Ball, location: 2F
2-2: Strikes out looking
Batting: RHB Luis Cuestas 0-0: Called Strike
0-1: SINGLE (Groundball, 34D, EV 97.5 MPH)
Batting: LHB Jim Ford 0-0: Ball
1-0: Ball
2-0: Foul Ball, location: 2F
2-1: Fielders Choice at 2nd, 2-6 (Groundball, 13S, EV 68.8 MPH)
Pitching: RHP Steve Nichols
Batting: LHB Walt Ramsey 0-0: Ball
1-0: Ground out 4-3 (Groundball, 34, EV 83.8 MPH)
Bottom of the 8th over - 0 runs, 1 hit, 0 errors, 1 left on base; Erie 2 - New Hampshire 1
TOP OF THE 9TH
Erie SeaWolves batting - Pitching for New Hampshire Fisher Cats : RHP Ánibal Marrero
Now at SS: Jimmy Kirk
Batting: RHB Oliver Vera 0-0: Called Strike
0-1: Ball
1-1: Called Strike
1-2: Foul Ball, location: 5FF
1-2: Ball
2-2: Ball
3-2: Strikes out looking
Batting: LHB José Hernández 0-0: Foul Ball, location: 7LMF
0-1: Called Strike
0-2: Strikes out looking
Batting: RHB Arturo Avalos 0-0: Ball
1-0: Called Strike
1-1: Ball
2-1: Foul Ball, location: 7LMF
2-2: Ball
3-2: Strikes out swinging
Top of the 9th over - 0 runs, 0 hits, 0 errors, 0 left on base; Erie 2 - New Hampshire 1
BOTTOM OF THE 9TH
New Hampshire Fisher Cats batting - Pitching for Erie SeaWolves : RHP Steve Nichols
Pitching: RHP Rubén Romero
Batting: SHB Eustachio Tucci 0-0: Ball
1-0: Ball
2-0: Ball
3-0: Called Strike
3-1: Base on Balls
Batting: LHB Ben Johnson 0-0: Ball
1-0: Grounds into double play, 4-6-3 (Groundball, 4, EV 86.9 MPH)
Pinch Hitting: LHB Esteban Cisneros 0-0: Called Strike
0-1: Called Strike
0-2: Foul Ball, location: 9LSFF
0-2: Foul Ball, location: 7LMF
0-2: Ball
1-2: Ball
2-2: SINGLE (Line Drive, 56, EV 96.3 MPH)
Batting: LHB Dan Aldridge 0-0: Foul Ball, location: 3F
0-1: Ball
1-1: Ball
Wild Pitch!
Esteban Cisneros to second
2-1: Ground out 5-3 (Groundball, 56, EV 80.6 MPH)
Bottom of the 9th over - 0 runs, 1 hit, 0 errors, 1 left on base; Erie 2 - New Hampshire 1
Friday, May 3rd , 2024 - OOTP Baseball 24.10 Build 82